 Dungeon Crawl Stone Soup version 0.25.1-2-g60ff931df9 (webtiles) character file.

Game seed: 5870959743590051922

492 DerDa the Firebug (level 6, 0/41 HPs)
             Began as a Demonspawn Fire Elementalist on Oct 2, 2020.
             Slain by an orc wizard
             ... wielding a +0 dagger
              (4 damage)
             ... on level 3 of the Dungeon.
             The game lasted 00:11:16 (4748 turns).

DerDa the Firebug (Demonspawn Fire Elementalist)    Turns: 4748, Time: 00:11:16

Health: 0/41       AC:  3    Str:  9    XL:     6   Next: 91%
Magic:  9/12       EV: 12    Int: 18    God:
Gold:   80         SH:  0    Dex: 13    Spells: 3/13 levels left

rFire    . . .     SeeInvis +   b - +2 hand axe (vorpal)
rCold    . . .     Gourm    .   (no shield)
rNeg     . . .     Faith    +   a - +0 robe
rPois    .         Spirit   .   (no helmet)
rElec    .         Reflect  .   (no cloak)
rCorr    .         Harm     .   o - +0 pair of gloves
MR       .....                  (no boots)
Stlth    ++........             h - amulet of faith (curse)
HPRegen  0.13/turn              i - ring of see invisible
MPRegen  0.13/turn              (no ring)

@: no status effects
A: talons 2, powered by pain 1
a: no special abilities


You were on level 3 of the Dungeon.
You were not hungry.

You visited 1 branch of the dungeon, and saw 4 of its levels.

You collected 80 gold pieces.

Inventory:

Hand Weapons
 b - a +2 vorpal hand axe (weapon)
 e - a +0 short sword
Missiles
 d - 92 stones
 t - 5 poisoned darts (quivered)
Armour
 a - a +0 robe (worn)
 o - a +0 pair of gloves (worn)
Jewellery
 h - a cursed amulet of faith (around neck)
 i - a ring of see invisible (left hand)
 q - an uncursed amulet of the acrobat {unknown}
Scrolls
 f - 4 scrolls of identify {unknown}
 j - a scroll of random uselessness {unknown}
 k - a scroll of enchant weapon {unknown}
 l - a scroll of teleportation {unknown}
 m - 3 scrolls of remove curse {unknown}
 r - a scroll of amnesia {unknown}
Potions
 g - a potion of haste {unknown}
 n - 3 potions of berserk rage {unknown}
 p - a potion of stabbing {unknown}
 s - a potion of curing {unknown}
 u - a potion of lignification {unknown}
Comestibles
 c - 7 rations


   Skills:
 - Level 1.7 Dodging
 - Level 1.7 Stealth
 * Level 4.2 Spellcasting
 * Level 4.1 Conjurations
 * Level 4.6 Fire Magic


You had 3 spell levels left.
You knew the following spells:

 Your Spells              Type           Power        Failure   Level  Hunger
a - Foxfire               Conj/Fire      ###.         2%          1    None
b - Sticky Flame          Conj/Fire      ###.....     24%         4    ####...
c - Fireball              Conj/Fire      ###.......   54%         5    ######.

Your spell library contained the following spells:

 Spells                   Type           Power        Failure   Level  Hunger
 Conjure Flame            Conj/Fire      ###.....     7%          3    ###....
 Inner Flame              Hex/Fire       ##......     17%         3    ###....


Dungeon Overview and Level Annotations

Branches:
Dungeon (4/15)
 Temple: D:4-7

Altars:
Xom
The Shining One


Innate Abilities, Weirdness & Mutations

You have razor-sharp toenails.
You sometimes gain a little power by taking damage.


Message History

The orc wizard points at you and mumbles some strange words.
The magic dart hits you!
* * * LOW HITPOINT WARNING * * *
The orc wizard misses you.
You closely miss the orc wizard.
The orc wizard is moderately wounded.
You hit the orc wizard.
You kill the orc wizard!
The foxfire hits the orc wizard.
The orc wizard is heavily wounded.
The foxfire hits the orc wizard.
The orc wizard is heavily wounded.
The orc wizard points at you and mumbles some strange words.
The magic dart hits you!
* * * LOW HITPOINT WARNING * * *
Casting: Foxfire (safe; 2% risk of failure)
Confirm with . or Enter, or press ? or * to list all spells.
You conjure some foxfire!
The orc wizard hits you with a +0 dagger.
You die...

######## #....... ############
#.###### #..........# #.######
#.###....#.# #.......
#######.###....#)################
...............o@v............#..
#######.#.#####v#############.#..
#.#...# #.# #.......#.#.# #
#.#..รท# #.# #.#####.#.#.. #
#.#...###.#####.#.....#.#.#
#######.#.........(##.#.#.#......
'.......#######.##.##.#...#.#.#.#
######### #.##.##.#.###.#.#.#
#.......# ###'##....#.....#.#..


You could see an orc wizard.

Vanquished Creatures
  Sigmund (D:3)
  An orc priest (D:3)
  5 orc wizards
  6 adders
  2 oozes (D:2)
  3 worms (D:2)
  2 dart slugs
  A leopard gecko (D:1)
  10 orcs
  5 bats
  5 giant cockroaches
  9 goblins
  9 hobgoblins
  3 jackals (D:1)
  9 kobolds
  3 quokkas
  6 frilled lizards
  5 rats
85 creatures vanquished.

Vanquished Creatures (others)
  245 foxfires
245 creatures vanquished.

Grand Total: 330 creatures vanquished

Notes
Turn   | Place    | Note
-------+----------+-------------------------------------------
     0 | D:1      | DerDa the Demonspawn Fire Elementalist began the quest for
                  | the Orb.
     0 | D:1      | Reached XP level 1. HP: 13/13 MP: 3/3
   209 | D:1      | Gained mutation: You sometimes gain a little power by
                  | taking damage. [demonic ancestry]
   209 | D:1      | Reached XP level 2. HP: 16/19 MP: 0/5
   857 | D:1      | Gained mutation: You have sharp toenails. [demonic
                  | ancestry]
   857 | D:1      | Reached XP level 3. HP: 24/24 MP: 6/6
  1725 | D:2      | Reached XP level 4. HP: 21/30 MP: 2/8
  2231 | D:2      | Found a glowing silver altar of Zin.
  2283 | D:2      | Found a shimmering altar of Xom.
  2283 | D:2      | Found an iron altar of Okawaru.
  2285 | D:2      | Found a burning altar of Makhleb.
  2285 | D:2      | Found an iron altar of Okawaru.
  2285 | D:2      | Found an ancient bone altar of Kikubaaqudgha.
  2698 | D:2      | Gained mutation: You have razor-sharp toenails. [demonic
                  | ancestry]
  2698 | D:2      | Reached XP level 5. HP: 35/35 MP: 3/9
  3136 | D:3      | Found a glowing golden altar of the Shining One.
  3471 | D:3      | Learned a level 4 spell: Sticky Flame
  3477 | D:3      | Learned a level 5 spell: Fireball
  3721 | D:3      | Reached XP level 6. HP: 25/41 MP: 0/11
  3940 | D:3      | Noticed Sigmund
  3959 | D:3      | Killed Sigmund
  4748 | D:3      | Slain by an orc wizard

Illustrated notes

Levels and vault maps discovered:
D:1:      ncdulo_lavacross, layout_basic, minmay_pentomino_s4
D:2:      layout_loops_corners, doesnt_xom_only_xom
D:3:      layout_basic, lemuel_crystal_altar, first_ration,
          minmay_misc_feat_alley, corexii_shack, uniq_sigmund
D:4:      layout_rooms, vehumet_statue, bloody_trog, dancing_weapons_uskayaw,
          kennysheep_small_spiral, minmay_goblin_kobold_house

Skill      XL: |  1  2  3  4  5  6 |
---------------+-------------------+-----
Fire Magic     | 3 4 |  4.6
Conjurations   | 2 3 4 |  4.1
Spellcasting   | 3 4 |  4.2
Dodging        | |  1.7
Stealth        | |  1.7

Action                   |  1- 3 |  4- 6 || total
-------------------------+-------+-------++-------
Melee: Short sword       |    59 |    22 ||    81
       Kick              |     7 |     8 ||    15
       Hand axe          |       |    15 ||    15
Throw: Stone             |     1 |       ||     1
 Cast: Foxfire           |    53 |   104 ||   157
  Eat: Chunk             |     3 |     9 ||    12
Armor: Robe              |    27 |     5 ||    32
Dodge: Dodged            |    74 |    40 ||   114
